Map: Prion Terraces

Players

NguyenSanity

  • Race: Terran Terran
  • League: Master

Kaldalis - Winner!

  • Race: Terran Terran
  • League: Grandmaster

VOD

Have the link to the VOD?

Description

cant rem how many times got this guy w this 4 raxx

Time

  • Played on: Dec. 14, 2015, 11:08 p.m.
  • Length: 3:56
Show
View Real Time Build Order
Export as new Build Order

NguyenSanity Terran 

Build Orders:  

Get SALT Encoding   

  12  0:01  SCV  
  13  0:13  SCV  
  14  0:17  Supply Depot  
  14  0:25  SCV  
  15  0:30  Refinery  
  15  0:39  SCV  
  16  0:45  Barracks  
  16  0:51  SCV  
  17  1:02  Refinery  
  17  1:03  SCV  
  18  1:15  SCV  
  19  1:31  Orbital Command  
  19  1:32  Reaper  
  20  1:37  Supply Depot  
  20  1:53  Factory  
  20  1:57  SCV  
  21  2:04  Reaper  
  22  2:09  SCV  
  23  2:16  Supply Depot  
  23  2:21  SCV  
  24  2:33  SCV  
  25  2:37  Supply Depot  
  25  2:38  Hellion  
  27  2:45  Reaper  
  27  2:46  SCV  
  27  2:51  Supply Depot  
  27  2:59  Hellion, SCV  
  22  3:16  SCV  
  22  3:19  Marine  
  20  3:21  Hellion  
Show
View Real Time Build Order
Export as new Build Order

Kaldalis Terran - Winner!

Build Orders:  

Get SALT Encoding   

  12  0:01  SCV  
  13  0:13  Supply Depot  
  13  0:37  Barracks  
  13  0:46  Barracks  
  13  1:01  Barracks  
  13  1:05  SCV  
  14  1:24  Marine  
  15  1:27  Barracks  
  15  1:32  Marine  
  16  1:40  Supply Depot  
  16  1:44  Marine  
  17  1:48  Marine  
  17  1:53  Marine  
  19  2:03  Marine  
  19  2:06  Marine  
  21  2:11  Marine  
  21  2:14  Marine  
  23  2:20  Marine  
  24  2:24  Marine  
  25  2:32  Marine x2  
  25  2:45  Marine x2  
  25  2:50  Marine x2  
  28  3:03  Marine x2  
  30  3:08  Marine  
  30  3:12  Marine  
  30  3:21  Marine  
  31  3:31  Marine  
  31  3:33  Marine x2  
Tags
 
Add a new tag
Caveats
  • Supply blocks, unpowered buildings, or Contaminate may cause inaccurate times.
  • Supply counts are checked every 10 seconds.